 Dungeon Crawl Stone Soup version 0.22-a0-456-g11ed031 (webtiles) character file.

168 pk666 the Magician (level 5, 0/28 HPs)
             Began as a Deep Elf Fire Elementalist on June 7, 2018.
             Killed by divine providence
             ... invoked by an orc priest
              (14 damage)
             ... on level 3 of the Dungeon.
             The game lasted 00:06:51 (2659 turns).

pk666 the Magician (Deep Elf Fire Elementalist)     Turns: 2659, Time: 00:06:51

Health: 0/28       AC:  2    Str:  5    XL:     5   Next: 23%
Magic:  2/13       EV: 13    Int: 21    God:
Gold:   163        SH:  0    Dex: 15    Spells: 4/12 levels left

rFire    . . .     SeeInvis .   (no weapon)
rCold    . . .     Gourm    .   (no shield)
rNeg     . . .     Faith    .   a - +0 robe
rPois    .         Spirit   .   (no helmet)
rElec    .         Reflect  .   (no cloak)
rCorr    .         Harm     .   (no gloves)
MR       .....                  (no boots)
Stlth    ++........             (no amulet)
HPRegen  0.09/turn              (no ring)
MPRegen  0.13/turn              (no ring)

@: no status effects
A: no striking features
a: no special abilities


You were on level 3 of the Dungeon.
You were not hungry.

You visited 1 branch of the dungeon, and saw 3 of its levels.

You collected 163 gold pieces.

Inventory:

Armour
 a - a +0 robe (worn)
Scrolls
 e - a scroll of teleportation
 f - 2 scrolls of identify
 g - 2 scrolls of enchant armour {unknown}
 h - a scroll of immolation
 n - a scroll of fog {unknown}
Potions
 b - a potion of might {unknown}
 d - a potion of agility {unknown}
 j - a potion of brilliance {unknown}
 l - 3 potions of curing
Comestibles
 c - 3 rations
 i - 5 chunks of flesh


   Skills:
 - Level 2.4 Dodging
 - Level 2.4 Stealth
 + Level 4.4 Spellcasting
 * Level 4.1 Conjurations
 + Level 4.3 Fire Magic


You had 4 spell levels left.
You knew the following spells:

 Your Spells              Type           Power        Failure   Level  Hunger
a - Flame Tongue          Conj/Fire      ###..        1%          1    None
b - Sticky Flame          Conj/Fire      ###.....     21%         4    ####...
c - Conjure Flame         Conj/Fire      ###.....     6%          3    ##.....

Your spell library contained the following spells:

 Spells                   Type           Power        Failure   Level  Hunger
 Fireball                 Conj/Fire      ###.......   50%         5    ######.
 Throw Flame              Conj/Fire      ###...       3%          2    #......
 Inner Flame              Hex/Fire       ##......     14%         3    ##.....


Dungeon Overview and Level Annotations

Branches:
Dungeon (3/15)

Altars:
Gozag


Message History

An orc comes into view. It is wielding a hand axe.
Casting: Flame Tongue (safe; 1% risk of failure)
Confirm with . or Enter, or press ? or * to list all spells.
Aiming: Flame Tongue (safe; 1% risk of failure)
Press: ? - help, Shift-Dir - straight line, f/p - orc
Aim: an orc, wielding a whip (heavily wounded)
The flame tongue hits the orc.
You kill the orc!
The orc shouts!
Casting: Flame Tongue (safe; 1% risk of failure)
Confirm with . or Enter, or press ? or * to list all spells.
Aiming: Flame Tongue (safe; 1% risk of failure)
Press: ? - help, Shift-Dir - straight line, f - orc
Aim: an orc, wielding a hand axe The flame tongue hits the orc.
You kill the orc!
The orc priest mumbles some strange prayers to Beogh against you.
Beogh smites you!
Ouch! That really hurt!
You die...

#.# #.#
.######.#######
.......>o..o.oo #)#
.# #)# #.# ## #ยง#
#.# #.. #.# #.# #..
#@# #.# #.. #.# #.#
#.. #.#########.#
#..
##...........####..
#.........##....'..
#.........##.####..
#.........+........
#.........##.#####.
############.# #.


You could see an orc priest.

Vanquished Creatures
  Jessica (D:3)
  A worker ant zombie (D:3)
  4 adders
  2 oozes (D:2)
  2 dart slugs (D:1)
  3 leopard geckos
  7 orcs
  3 ball pythons
  2 giant cockroaches
  9 hobgoblins
  2 quokkas
  6 bats
  2 frilled lizards
  8 goblins (D:2)
  14 kobolds
  7 rats
73 creatures vanquished.

Notes
Turn   | Place    | Note
-------+----------+-------------------------------------------
     0 | D:1      | pk666 the Deep Elf Fire Elementalist began the quest for the Orb.
     0 | D:1      | Reached XP level 1. HP: 10/10 MP: 6/6
   315 | D:1      | Reached XP level 2. HP: 15/15 MP: 6/8
   739 | D:1      | Reached XP level 3. HP: 19/19 MP: 2/10
  1684 | D:2      | Reached XP level 4. HP: 24/24 MP: 6/11
  2496 | D:3      | Learned a level 4 spell: Sticky Flame
  2500 | D:3      | Learned a level 3 spell: Conjure Flame
  2514 | D:3      | Found an opulent altar of Gozag.
  2518 | D:3      | Noticed Jessica
  2527 | D:3      | Killed Jessica
  2527 | D:3      | Reached XP level 5. HP: 28/28 MP: 7/13
  2659 | D:3      | Killed from afar by an orc priest

Vault maps used:
D:1:      evilmike_arrival_hilbert_curve
D:2:      kennysheep_big_flooded_room, first_ration, guppyfry_early_orc_mine
D:3:      minivault_25, nicolae_gozag_cash_rules_everything_around_me,
          uniq_jessica

Skill      XL: |  1  2  3  4  5 |
---------------+----------------+-----
Conjurations   | 2 3 4 |  4.1
Spellcasting   | 4 |  4.4
Fire Magic     | 4 |  4.3
Dodging        | |  2.4
Stealth        | |  2.4

Action                   |  1- 3 |  4- 6 || total
-------------------------+-------+-------++-------
Melee: Unarmed           |     3 |       ||     3
 Cast: Flame Tongue      |    89 |    43 ||   132
       Conjure Flame     |       |     1 ||     1
  Use: Scroll            |     6 |       ||     6
  Eat: Chunk             |     2 |       ||     2
       Ration            |       |     1 ||     1
Armor: Robe              |    19 |     2 ||    21
Dodge: Dodged            |    61 |    12 ||    73

Table legend:
 A = Spawn XP
 B = Non-spawn XP
 C = Spawn XP percentage of total XP
 D = Spawn monster count
 E = Non-spawn monster count
 F = Spawn count percentage of total count
 G = Total turns spent on level
                    A         B        C        D         E        F      G
               +---------+---------+-------+---------+---------+-------+---------
         Total |       0 |     240 |   0.0 |       0 |      73 |   0.0 |  2659
               +---------+---------+-------+---------+---------+-------+---------
           D:1 |       0 |      47 |   0.0 |       0 |      25 |   0.0 |  1149
           D:2 |       0 |      85 |   0.0 |       0 |      30 |   0.0 |  1264
           D:3 |       0 |     108 |   0.0 |       0 |      18 |   0.0 |   246
               +---------+---------+-------+---------+---------+-------+---------
